 Dungeon Crawl Stone Soup version 0.22.1-2-g9c5b331383 (webtiles) character file.

245 shynie the Skirmisher (level 5, -2/46 HPs)
             Began as a Draconian Berserker on Dec 29, 2018.
             Was a Believer of Trog.
             Slain by an orc wizard
             ... wielding a +0 dagger
              (3 damage)
             ... on level 4 of the Dungeon.
             The game lasted 00:21:01 (4189 turns).

shynie the Skirmisher (Draconian Berserker)         Turns: 4189, Time: 00:21:02

Health: -2/46      AC:  5    Str: 21    XL:     5   Next: 83%
Magic:  5/5        EV: 13    Int:  7    God:    Trog [**....]
Gold:   128        SH:  0    Dex: 10    Spells: 4/4 levels left

rFire    . . .     SeeInvis .   v - +2 hand axe (flame)
rCold    . . .     Gourm    +   (no shield)
rNeg     . . .     Faith    .   (armour unavailable)
rPois    .         Spirit   .   (helmet restricted)
rElec    .         Reflect  .   (no cloak)
rCorr    .         Harm     .   (no gloves)
MR       .....     Rnd*Tele +   (no boots)
Stlth    +.........             r - amulet of the gourmand
HPRegen  0.15/turn              o - ring of teleportation
MPRegen  0.09/turn              (no ring)

@: fainting
A: unfitting armour, cold-blooded, AC +5
a: Berserk, Trog's Hand, Renounce Religion


You were on level 4 of the Dungeon.
You worshipped Trog.
Trog was pleased with you.
You were fainting.

You visited 1 branch of the dungeon, and saw 4 of its levels.

You collected 128 gold pieces.

Inventory:

Hand Weapons
 a - a +0 spear
 c - a +2 dagger of draining
 l - a +0 dagger
 v - a +2 hand axe of flaming (weapon)
Missiles
 b - 74 stones (quivered)
 i - 13 bolts
 w - 3 tomahawks
Armour
 d - a +0 robe
 j - a +0 ring mail
 u - a +0 chain mail
Jewellery
 o - a ring of teleportation (left hand)
 r - an amulet of the gourmand (around neck)
Wands
 x - a wand of polymorph (19)
Scrolls
 e - 2 scrolls of immolation
 n - a scroll of enchant armour
 p - a scroll of remove curse
 q - a scroll of random uselessness
 t - a scroll of identify
Potions
 g - 2 potions of lignification {unknown}
 h - 3 potions of curing
 k - 2 potions of degeneration
 m - a potion of berserk rage {unknown}
 s - a potion of might
 z - a potion of agility {unknown}
Comestibles
 f - 5 rations


   Skills:
 + Level 4.2 Fighting
 + Level 1.7 Short Blades
 + Level 1.9(3.1) Axes
 + Level 3.9(4.1) Polearms
 + Level 4.0 Dodging
 + Level 0.6 Stealth


You had 4 spell levels left.
You didn't know any spells.
Your spell library was empty.

Dungeon Overview and Level Annotations

Branches:
Dungeon (4/15)
 Temple: D:4-7

Altars:
Cheibriados
Kikubaaqudgha
Sif Muna
Vehumet


Innate Abilities, Weirdness & Mutations

Your plain brown scales are hard. (AC +5)
You cannot fit into any form of body armour.
You are cold-blooded and may be slowed by cold attacks.


Message History

The orc hits you with a dagger. The orc wizard hits you with a dagger.
The orc priest begins to cast a cantrip, but forgets the words!
The orc wizard hits you but does no damage.
The orc hits you with a dagger.
The orc wizard hits you but does no damage.
The orc hits you with a dagger. The orc wizard hits you with a dagger.
The orc wizard casts a spell at you. The magic dart hits you!
* * * LOW HITPOINT WARNING * * *
The orc hits you but does no damage.
The orc wizard hits you but does no damage.
You can move again.
You barely miss the orc.
Your tail-slap misses the orc.
You miss the orc wizard. The orc wizard barely misses you.
The orc barely misses you.
The orc priest invokes the aid of Beogh against you.
Beogh smites you!
* * * LOW HITPOINT WARNING * * *
The orc wizard hits you with a dagger.
You die...

#.###(#.#
#...o.#.#
####o.#.#
#..#.#
#..#.#
#..#o#
#..#o#
#..#o#
#.l#@#
#o##########
#(.........#
##########.#
#.# #.# #.#
#)# #.#


You could see 2 orc priests, an orc wizard and an orc.

Vanquished Creatures
  An orc priest (D:2)
  Jessica (D:2)
  2 orc wizards (D:4)
  6 adders
  5 dart slugs
  A leopard gecko (D:1)
  6 orcs
  5 bats
  A giant cockroach (D:3)
  10 goblins
  5 hobgoblins
  8 jackals (D:1)
  A quokka (D:3)
  2 frilled lizards (D:1)
  5 kobolds
  A quokka skeleton (D:4)
  7 rats
67 creatures vanquished.

Notes
Turn   | Place    | Note
-------+----------+-------------------------------------------
     0 | D:1      | shynie the Draconian Berserker began the quest for the Orb.
     0 | D:1      | Reached XP level 1. HP: 19/19 MP: 1/1
   121 | D:1      | Reached XP level 2. HP: 16/26 MP: 2/2
   846 | D:1      | Reached XP level 3. HP: 13/31 MP: 3/3
  1049 | D:1      | Reached ** piety under Trog
  1417 | D:2      | Noticed Jessica
  1426 | D:2      | Killed Jessica
  1426 | D:2      | Reached XP level 4. HP: 29/39 MP: 4/4
  1460 | D:2      | Found a snail-covered altar of Cheibriados.
  1613 | D:2      | Reached skill level 1 in Short Blades
  2558 | D:3      | Reached XP level 5. HP: 40/46 MP: 5/5
  3456 | D:3      | Reached skill level 1 in Axes
  3695 | D:3      | Found an ancient bone altar of Kikubaaqudgha.
  3708 | D:3      | Found a radiant altar of Vehumet.
  3717 | D:3      | Found a deep blue altar of Sif Muna.
  3723 | D:3      | Identified Vehumet's Tome of Combat Magic
  4182 | D:4      | Paralysed by fainting for 7 turns
  4189 | D:4      | HP: 1/46 [orc priest/divine providence (10)]
  4189 | D:4      | Slain by an orc wizard

Skill      XL: |  1  2  3  4  5 |
---------------+----------------+-----
Dodging        | 3 4 |  4.0
Short Blades   | 1 |  1.7
Fighting       | 4 |  4.2
Axes           | 1 |  1.9
Polearms       | |  3.9
Stealth        | |  0.6

Action                   |  1- 3 |  4- 6 || total
-------------------------+-------+-------++-------
Melee: Dagger            |    91 |    17 ||   108
       Tailslap          |    12 |    15 ||    27
       Spear             |     1 |       ||     1
       Hand axe          |       |   113 ||   113
Throw: Stone             |     3 |     2 ||     5
  Use: Potion            |     2 |       ||     2
       Scroll            |     2 |     4 ||     6
  Eat: Ration            |     2 |       ||     2
       Chunk             |       |     2 ||     2
Armor: Skin              |    31 |    46 ||    77
Dodge: Dodged            |    81 |   102 ||   183
